Map: Wieczne Imperium ER

Players

kers

  • Race: Protoss Protoss
  • League: Platinum
  • Spawn Location: 1:00

Zerr - Winner!

  • Race: Protoss Protoss
  • League: Platinum
  • Spawn Location: 7:00

VOD

Have the link to the VOD?

Description

Time

  • Played on: March 5, 2020, 12:10 p.m.
  • Length: 6:51
Show
View Real Time Build Order
Export as new Build Order

kers Protoss 

Build Orders: 1 Gate Expand 

Get SALT Encoding   

  12  0:01  Probe  
  13  0:13  Probe  
  14  0:17  Pylon  
  14  0:25  Probe  
  15  0:37  Probe (Chrono Boost)  
  15  0:39  Gateway  
  16  0:49  Probe (Chrono Boost)  
  17  0:52  Assimilator  
  17  0:54  Probe (Chrono Boost)  
  18  1:03  Probe  
  19  1:15  Probe  
  20  1:33  Nexus  
  20  1:45  Cybernetics Core  
  20  1:48  Probe  
  21  1:57  Pylon  
  21  2:00  Probe  
  22  2:11  Warp Gate (Chrono Boost)  
  22  2:12  Probe  
  23  2:17  Assimilator  
  23  2:22  Adept (Chrono Boost)  
  25  2:24  Probe  
  26  2:34  Robotics Facility  
  26  2:36  Probe  
  27  2:45  Probe  
  27  2:47  Stalker (Chrono Boost)  
  27  2:48  Probe  
  31  2:57  Probe  
  32  3:00  Probe  
  33  3:09  Probe  
  33  3:11  Pylon  
  33  3:12  Probe  
  35  3:21  Probe  
  35  3:23  Observer  
  35  3:24  Probe  
  38  3:33  Probe  
  39  3:37  Probe, Assimilator  
  39  3:41  Assimilator  
  40  3:45  Probe  
  40  3:46  Gateway  
  40  3:48  Gateway  
  41  3:49  Probe  
  41  3:52  Stalker  
  44  3:57  Probe  
  44  4:01  Probe  
  44  4:02  Immortal  
  50  4:09  Probe  
  51  4:13  Probe  
  51  4:16  Forge  
  52  4:19  Sentry  
  54  4:26  Pylon  
  54  4:33  Pylon  
  54  4:39  Twilight Council  
  54  4:44  Probe x2  
  56  4:47  Sentry  
  56  4:48  Stalker  
  60  4:56  Probe x2  
  62  5:01  Warp Prism (Chrono Boost)  
  62  5:05  Stalker  
  66  5:08  Probe x2  
  68  5:21  Probe x2  
  66  5:23  Stalker x2  
  62  5:43  Pylon  
  62  5:44  Probe x2  
  62  5:47  Pylon, Sentry  
  62  5:48  Sentry  
  68  5:52  Templar Archives  
  68  5:56  Probe x2, Pylon  
  70  5:58  Pylon  
  70  6:02  Pylon  
  62  6:05  Stalker  
  59  6:15  Stalker x2  
  49  6:32  Adept  
  39  6:35  Stalker  
Show
View Real Time Build Order
Export as new Build Order

Zerr Protoss - Winner!

Build Orders: Dark Templar Rush 

Get SALT Encoding   

  12  0:03  Probe  
  13  0:15  Probe  
  14  0:27  Probe  
  15  0:33  Pylon  
  15  0:51  Probe (Chrono Boost)  
  16  0:57  Gateway  
  16  1:02  Assimilator  
  16  1:03  Probe (Chrono Boost)  
  18  1:11  Probe (Chrono Boost)  
  18  1:17  Probe  
  18  1:23  Pylon  
  19  1:29  Probe  
  19  1:31  Forge  
  20  2:12  Probe  
  21  2:17  Pylon  
  21  2:19  Gateway, Cybernetics Core  
  21  2:22  Gateway  
  21  2:23  Gateway  
  21  2:30  Pylon  
  21  2:32  Probe  
  21  2:36  Assimilator  
  22  2:44  Probe  
  23  2:54  Warp Gate (Chrono Boost)  
  23  2:56  Probe, Twilight Council  
  24  3:08  Pylon  
  24  3:12  Protoss Ground Weapons Level 1  
  24  3:14  Photon Cannon  
  24  3:36  Charge (Chrono Boost)  
  24  3:39  Photon Cannon  
  24  3:54  Shield Battery  
  24  3:59  Dark Shrine  
  24  4:03  Pylon  
  24  4:12  Shield Battery  
  24  4:19  Pylon  
  24  4:37  Zealot x4  
  32  4:58  Zealot  
  32  4:59  Zealot x3  
  38  5:19  Zealot x3  
  38  5:20  Zealot  
  34  5:40  Zealot x2  
  34  5:41  Zealot  
  40  5:59  Dark Templar  
  42  6:12  Dark Templar x2  
  42  6:13  Dark Templar  
Tags
 
Add a new tag
Caveats
  • Supply blocks, unpowered buildings, or Contaminate may cause inaccurate times.
  • Supply counts are checked every 10 seconds.